AoeStats
← Shawn96

Arena

509215076Analyzed
3v3 RM · 7d ago on Sep 25, 2026· 36m 26s· 6 players
Game mode
Random Map
Map size
Normal (6 player)
Population
200
Speed
Normal
Resources
Standard
Victory
Conquest
Starting age
Dark Age
Ending age
Imperial Age
RankedLock teamsTeams togetherTeam positionsShared explorationLock speedFull tech treeHidden civsTurbo modeCheats
Victory
Defeat
🇩🇪 Portuguese · Germany
1346
+12
🇩🇪 Teutons · Germany
1288
+15
🇩🇪 Franks · Germany
1283
+14
🇨🇦 Jurchens · Canada
1296
-15
🇬🇧 Shu · United Kingdom
1261
-14
🇬🇧 Byzantines · United Kingdom
1224
-12
Calum1Ltv
6:09 Loom
8:29 Feudal Age
8:59 Double-Bit Axe
15:34 Horse Collar
17:22 Wheelbarrow
22:44 Castle Age
23:04 Scale Mail Armor
24:05 Bow Saw
24:13 Fletching
26:39 Forging
27:20 Chain Mail Armor
26:56 Arson
Shawn96
11:20 Feudal Age
12:28 Double-Bit Axe
12:33 Horse Collar
15:19 Castle Age
13:23 Gold Mining
15:50 Loom
16:48 Bow Saw
D0cTOrSniper
8:48 Loom
10:35 Feudal Age
15:26 Castle Age
14:24 Double-Bit Axe
14:21 Horse Collar
17:26 Heavy Plow
17:45 Bow Saw
18:11 Loom
22:24 Wheelbarrow
27:16 Hand Cart
29:37 Imperial Age
27:31 Gold Mining
28:06 Scale Barding Armor
28:12 Forging
29:39 Gold Shaft Mining
29:38 Fortified Wall
30:04 Chain Barding Armor
29:43 Stone Mining
31:13 Iron Casting
31:38 Crop Rotation
32:12 Two-Man Saw
31:59 Plate Barding Armor
32:03 Conscription
32:36 Logistica
33:01 Elite Cataphract
35:46 Husbandry
ulles
10:11 Feudal Age
9:35 Loom
10:18 Loom
10:29 Loom
14:25 Castle Age
12:29 Double-Bit Axe
16:16 Forging
18:45 Scale Mail Armor
22:30 Gold Mining
23:45 Bow Saw
28:10 Scale Barding Armor
29:05 Wheelbarrow
29:37 Town Watch
30:25 Husbandry
31:05 Iron Casting
31:26 Squires
36:43 Imperial Age
34:45 Chain Barding Armor
35:19 Fletching
Murschann
8:57 Loom
10:42 Feudal Age
16:54 Double-Bit Axe
17:07 Horse Collar
26:12 Castle Age
25:27 Fletching
28:22 Bodkin Arrow
32:38 Guard Tower
35:28 Heavy Plow
36:25 Gold Mining
36:54 Bow Saw
laggysnapy
10:23 Feudal Age
11:55 Double-Bit Axe
12:00 Loom
15:32 Castle Age
13:15 Horse Collar
17:16 Wheelbarrow
17:30 Bow Saw
21:04 Hand Cart
21:39 Town Watch
22:36 Heavy Plow
26:09 Stone Mining
26:10 Gold Mining
26:36 Bloodlines
29:42 Imperial Age
27:21 Scale Barding Armor
27:26 Forging
28:21 Chain Barding Armor
29:54 Iron Casting
31:10 Plate Barding Armor
30:34 Cavalier
32:28 Blast Furnace
34:16 Capped Ram
35:21 Paladin
Connection lost

Rejoining the realm…

Still unreachable

The connection could not be restored.

Session expired

The server has moved on; the page needs a fresh start.